 Dungeon Crawl Stone Soup version 0.31-a0-354-g827e0957a7 (webtiles) character file.

Game seed: 2829286730742274808

16554 Essalna the Nimble (level 12, -1/148 HPs)
             Began as a Merfolk Shapeshifter on July 24, 2023.
             Was a High Priest of Trog.
             Slain by a vampire mosquito (10 damage)
             ... on level 11 of the Dungeon.
             The game lasted 00:30:36 (10530 turns).

Essalna the Nimble (Merfolk Shapeshifter)          Turns: 10530, Time: 00:30:36

Health: -1/148     AC:  5    Str: 16    XL:     12   Next: 38%
Magic:  12/12      EV: 20    Int:  8    God:    Trog [*****.]
Gold:   977        SH:  0    Dex: 18    Spells: 11/11 levels left

rFire   . . .        i - melded +7 mace of Variability {chaos, chaos arc}
rCold   . . .        (shield currently unavailable)
rNeg    . . .        w - +1 robe of the Dropbear {Regen+}
rPois   .            (no helmet)
rElec   .            K - scarf {shadows}
rCorr   .            (gloves currently unavailable)
SInv    +            (no boots)
Will    .....        r - amulet of regeneration Stlth
                     f - ring of see invisible
HPRegen 2.04/turn    I - +4 ring of protection
MPRegen 0.13/turn

%: no passive effects
@: berserking (expiring), blade hands, slowed
A: (nimble swimmer 2), mertail
a: Begin Untransformation, Renounce Religion, Berserk, Trog's Hand, Brothers in
Arms


You were on level 11 of the Dungeon.
You worshipped Trog.
Trog was extremely pleased with you.
You had blades for hands.
You visited 2 branches of the dungeon, and saw 12 of its levels.
You also visited: Sewer and Ossuary.

You collected 977 gold pieces.

Inventory:

Hand Weapons
 i - the +7 mace of Variability (melded) {chaos, chaos arc}
   (You found it on level 2 of the Dungeon)
Armour
 a - a +0 animal skin
 p - a +1 pair of gloves
 t - a +0 helmet
 w - the +1 robe of the Dropbear (worn) {Regen+}
   (You found it on level 5 of the Dungeon)

   Regen:     It increases your rate of health regeneration.
 K - a scarf of shadows (worn)
Jewellery
 e - an amulet of the acrobat
 f - a ring of see invisible (left blade hand)
 n - an amulet of reflection
 o - an amulet of faith
 q - a ring of fire
 r - an amulet of regeneration (around neck)
 I - a +4 ring of protection (right blade hand)
 J - a ring of magical power
Talismans
 c - a beast talisman
 L - a blade talisman
Wands
 b - a wand of paralysis (6)
 j - a wand of mindburst (5)
 s - a wand of flame (29)
 F - a wand of iceblast (13)
 M - a wand of acid (5)
Scrolls
 g - 3 scrolls of vulnerability
 u - 6 scrolls of teleportation
 y - 3 scrolls of noise
 C - a scroll of silence
 G - 2 scrolls of identify
 H - 2 scrolls of enchant armour
 O - a scroll of revelation
 P - a scroll of blinking
Potions
 d - 9 potions of curing
 h - 4 potions of attraction
 k - 2 potions of degeneration
 l - a potion of brilliance
 m - 3 potions of magic {unknown}
 v - a potion of invisibility
 x - a potion of might
 z - 4 potions of haste
 A - 8 potions of enlightenment
 B - 2 potions of lignification
 D - 2 potions of mutation
 E - a potion of resistance
 N - 2 potions of cancellation {unknown}


   Skills:
 + Level 10.7 Fighting
 + Level 12.8 Dodging
 + Level 11.1 Unarmed Combat
 + Level 5.1 Evocations
 + Level 11.3 Shapeshifting


You had 11 spell levels left.
You didn't know any spells.
Your spell library contained the following spells:

 Spells                   Type           Power      Damage    Failure   Level
 Foxfire                  Conj/Fire      0%         2x1d4     82%         1
 Volatile Blastmotes      Fire/Tloc      0%         2d10      98%         3
 Flame Wave               Conj/Fire      0%         2d4       100%        4
 Fulminant Prism          Conj/Hex       0%         3d5       100%        4
 Iskenderun's Mystic Bla  Conj/Tloc      0%         2d3       100%        4
 Fireball                 Conj/Fire      0%         3d3       100%        5
 Death's Door             Necr           0%         N/A       100%        9


Dungeon Overview and Level Annotations

Branches:
Dungeon (11/15)            Temple (1/1) D:4            Lair (0/5) D:11
    Orc (0/2) D:11          Sewer (visited)         Ossuary (visited)

Altars:
Ashenzari
Cheibriados
Dithmenos
Elyvilon
Gozag
Hepliaklqana
Kikubaaqudgha
Makhleb
Nemelex Xobeh
Okawaru
Qazlal
Ru
Sif Muna
Trog
Uskayaw
Wu Jian
Xom
Yredelemnul
Zin
The Shining One

Shops:
D:7 (*[   D:10 (

Annotations:
D:8 3 transporters
D:11 1 transporter


Innate Abilities, Weirdness & Mutations

You have blades for hands.
Your spellcasting is less reliable in this form.
You are incapable of wielding weapons or throwing items.
((You are very nimble when in or above water. (Stealth+, EV+, Speed+++)))
Your lower body shifts to a powerful aquatic tail in water.


Message History

The vampire mosquito bites you.
The vampire mosquito draws strength from your injuries!
The wyvern completely misses you. The manticore bites you!!
The manticore barely misses you. The manticore closely misses you.
The wraith barely misses you.
You slash the wraith!
The wraith is moderately damaged.
The vampire mosquito bites you!
The vampire mosquito draws strength from your injuries!
The wyvern completely misses you.
The vampire mosquito closely misses you.
The wraith completely misses you. The manticore barely misses you.
The manticore claws you!
* * * LOW HITPOINT WARNING * * *
The manticore barely misses you.
You slice the wraith!!
The wraith is almost destroyed.
The wyvern barely misses you. The vampire mosquito barely misses you.
The manticore completely misses you. The manticore barely misses you.
The manticore claws you.
* * * LOW HITPOINT WARNING * * *
The wraith misses you. The wyvern bites you.
* * * LOW HITPOINT WARNING * * *
You slash the wraith!
You destroy the wraith!
Trog accepts your kill.
The vampire mosquito closely misses you.
The vampire mosquito barely misses you. The wyvern bites you!
* * * LOW HITPOINT WARNING * * *
You closely miss the vampire mosquito.
The vampire mosquito closely misses you.
The manticore misses you. The manticore claws you!
* * * LOW HITPOINT WARNING * * *
The manticore claws you!
* * * LOW HITPOINT WARNING * * *
The wyvern misses you.
You slash the vampire mosquito!
The vampire mosquito is heavily damaged.
The vampire mosquito bites you!
You die...

.......# #######...#####
#......###.............##
#.#.....#...............#
.##.....#...#########...#########
.#.....##..##.......##...........
....~......#8.......8#...........
.#.....~...#.........#...........
#.#........#...l....?#...........
.#.....#..©#...y@...?#©..........
#.....~....#...H....$#...........
......#....#........$#...........
.....~.....#8.......8#...........
...........##©......##..#########
...######...#########...# .###
#...............# ##
##.............## .#
########.######


You could see a manticore, a wyvern and a vampire mosquito.

Vanquished Creatures
  The ghost of blade888 the Frost Mage, a journeyman DsIE of Gozag (D:11)
  Erica (D:8)
  A boulder beetle (D:8)
  2 two-headed ogres (D:11)
  A cyclops (D:11)
  Maurice (D:10)
  A gargoyle (D:11)
  An unseen horror (D:6)
  A rime drake (D:11)
  2 kobold demonologists (D:10)
  A troll (D:11)
  2 hornets (D:9)
  2 wraiths
  2 wyverns (D:10)
  A shadow (D:6)
  22 yaks
  Eustachio (D:6)
  7 vampire mosquitoes
  An acid dragon (D:9)
  A water moccasin (D:7)
  6 orc warriors
  8 ice beasts
  An ogre (D:6)
  4 centaurs
  2 wolves (D:11)
  A phantom (D:7)
  3 kobold brigands
  2 gnoll sergeants
  3 bullfrogs
  2 water moccasin zombies (Ossuary)
  A scorpion (D:4)
  13 wights
  3 killer bees (D:8)
  8 howler monkeys
  6 hounds
  2 jellies
  A gnoll bouda (D:5)
  15 orc priests
  5 iguanas
  An iron imp (D:10)
  2 sleepcaps
  A malarious merfolk avatar (Sewer)
  16 orc wizards
  A sickly merfolk siren (Sewer)
  Terence (D:2)
  2 mummies (Ossuary)
  28 gnolls
  5 adders
  4 river rats
  2 white imps (D:5)
  2 ufetubi
  3 adder zombies (Ossuary)
  3 worms
  3 dart slugs
  88 orcs
  9 endoplasms
  6 giant cockroaches
  9 goblins
  5 hobgoblins
  16 jackals (D:3)
  6 quokkas
  7 ball pythons
  8 bats
  8 frilled lizards
  2 gnoll zombies (Ossuary)
  4 hobgoblin zombies (Ossuary)
  15 kobolds
  6 kobold zombies (Ossuary)
  5 orc zombies (Ossuary)
  23 rats
  A butterfly (D:5)
430 creatures vanquished.

Notes
Turn   | Place    | Note
-------+----------+-------------------------------------------
     0 | D:1      | Essalna the Merfolk Shapeshifter began the quest for the
                  | Orb.
     0 | D:1      | Reached XP level 1. HP: 15/15 MP: 1/1
   129 | D:1      | Reached XP level 2. HP: 21/21 MP: 2/2
   131 | D:1      | Reached skill level 3 in Dodging
   826 | D:2      | Reached XP level 3. HP: 17/27 MP: 3/3
   927 | D:2      | Found the +7 mace of Variability {chaos, chaos arc}
  1049 | D:2      | Found a shimmering altar of Xom.
  1272 | D:2      | Reached XP level 4. HP: 31/33 MP: 4/4
  1546 | D:2      | Noticed Terence
  1550 | D:2      | Killed Terence
  1670 | D:3      | Reached skill level 4 in Dodging
  1670 | D:3      | Reached XP level 5. HP: 37/39 MP: 5/5
  1931 | D:3      | Reached skill level 5 in Shapeshifting
  2236 | D:3      | Got the Grimoire of the Scorched Mausoleum
  2251 | D:3      | Reached XP level 6. HP: 35/47 MP: 6/6
  2355 | D:3      | Found a stormy altar of Qazlal.
  2356 | D:3      | Found a glowing golden altar of the Shining One.
  2357 | D:3      | Found a sacrificial altar of Ru.
  2360 | D:3      | Found a burning altar of Makhleb.
  2624 | D:3      | Reached skill level 5 in Dodging
  2857 | D:3      | Reached skill level 5 in Unarmed Combat
  2860 | D:3      | Reached XP level 7. HP: 42/53 MP: 7/7
  3495 | D:4      | Found a staircase to the Ecumenical Temple.
  3517 | Temple   | Entered the Ecumenical Temple
  3525 | Temple   | Became a worshipper of Trog the Wrathful
  3588 | D:4      | Found a shadowy altar of Dithmenos.
  3986 | D:5      | Entered Level 5 of the Dungeon
  3999 | D:5      | Reached skill level 6 in Dodging
  4046 | D:5      | Identified the +1 robe of the Dropbear {Regen+}
  4158 | D:5      | Found a shimmering altar of Xom.
  4219 | D:5      | Reached XP level 8. HP: 47/61 MP: 8/8
  4411 | D:5      | Reached skill level 5 in Fighting
  4555 | D:5      | Reached * piety under Trog
  4921 | D:6      | Noticed an unseen horror
  4921 | D:6      | Noticed a shadow
  4932 | D:6      | Killed a shadow
  4934 | D:6      | Reached skill level 7 in Dodging
  4939 | D:6      | Killed an unseen horror
  5138 | D:6      | Reached XP level 9. HP: 69/69 MP: 9/9
  5260 | D:6      | Found a glowing drain.
  5264 | Sewer    | Entered a sewer
  5331 | Sewer    | Reached skill level 8 in Dodging
  5331 | Sewer    | Reached ** piety under Trog
  5891 | D:6      | Noticed Eustachio
  5892 | D:6      | Found an ancient bone altar of Kikubaaqudgha.
  5892 | D:6      | Found an opulent altar of Gozag.
  5904 | D:6      | Killed Eustachio
  6013 | D:7      | Found Rorib's Antique Armour Emporium.
  6024 | D:7      | Found Socoheos's Assorted Antiques.
  6047 | D:7      | Found a sand-covered staircase.
  6051 | Ossuary  | Entered an ossuary
  6076 | Ossuary  | Reached *** piety under Trog
  6381 | D:7      | Reached skill level 9 in Dodging
  6619 | D:7      | Reached **** piety under Trog
  6624 | D:7      | Reached XP level 10. HP: 70/79 MP: 10/10
  6655 | D:7      | Found Moolyfe's Antique Weapon Boutique.
  6927 | D:8      | Noticed Erica
  6935 | D:8      | Killed Erica
  6936 | D:8      | Reached skill level 10 in Dodging
  6982 | D:8      | Found a transporter.
  6990 | D:8      | Found a transporter.
  7020 | D:8      | Found a transporter.
  7111 | D:8      | Noticed a boulder beetle
  7123 | D:8      | Killed a boulder beetle
  7316 | D:8      | Found a transporter.
  7340 | D:8      | Found a basalt altar of Yredelemnul.
  7753 | D:9      | Reached ***** piety under Trog
  8014 | D:8      | Reached XP level 11. HP: 16/89 MP: 11/11
  8057 | D:9      | You fall into a shaft and drop 1 floor!
  8057 | D:10     | Entered Level 10 of the Dungeon
  8076 | D:10     | Reached skill level 11 in Dodging
  8076 | D:10     | Reached skill level 1 in Evocations
  8226 | D:10     | Reached skill level 10 in Shapeshifting
  8300 | D:10     | Noticed Maurice
  8327 | D:10     | Killed Maurice
  8328 | D:10     | Reached skill level 10 in Unarmed Combat
  8434 | D:10     | Found a snail-covered altar of Cheibriados.
  8612 | D:10     | Found Fywugaxuti's Weapon Emporium.
  9020 | D:9      | Received a gift from Trog
  9077 | D:9      | Reached skill level 10 in Fighting
  9084 | D:9      | Reached skill level 12 in Dodging
  9767 | D:11     | Noticed a two-headed ogre
  9788 | D:11     | Killed a two-headed ogre
  9922 | D:11     | Found a transporter.
  9961 | D:11     | Reached XP level 12. HP: 91/97 MP: 12/12
 10003 | D:11     | Found a staircase to the Lair.
 10060 | D:11     | Found a staircase to the Orcish Mines.
 10263 | D:11     | Noticed a two-headed ogre
 10281 | D:11     | Killed a two-headed ogre
 10319 | D:11     | Identified the +0 barding of Eqiug {rElec rF- Str+3 Dex+4}
 10358 | D:11     | Found a transporter.
 10389 | D:11     | Noticed blade888's ghost (journeyman DsIE)
 10438 | D:11     | Reached skill level 5 in Evocations
 10525 | D:11     | Killed blade888's ghost
 10530 | D:11     | Slain by a vampire mosquito

Illustrated notes

Levels and vault maps discovered:
D:1:      minmay_arrival_plants_in_alcoves, layout_basic, minmay_misc_feat_x,
          minmay_tetromino_i2
D:2:      layout_basic, basic_altar, uniq_terence
D:3:      lemuel_castle_with_subvaults [lemuel_castle_interior_carwin_1],
          layout_loops_corners, minitemple, nicolae_overflow_hidden_temple,
          minmay_misc_feat_four_crosses, minmay_misc_feat_chi
D:4:      layout_loops_ring, nicolae_dithmenos_through_a_glass_darkly,
          minmay_temple_entry_wispy, hex_medium,
          corexii_item_surrounded_by_moat, minmay_misc_feat_cross
D:5:      layout_basic, xom_butterflies
D:6:      kennysheep_big_flooded_room, layout_gridville,
          grunt_temple_overflow_open, gup_sewer_entry_bowl, uniq_eustachio
D:7:      layout_gridville, nicolae_ossuary_entry_plus, serial_shops, shop,
          nicolae_shop_hallway_plus, shop
D:8:      layout_loops_cross, mainiacjoe_overflow_boulevard,
          kennysheep_cross_room, nicolae_transporter_intersection, uniq_erica
D:9:      layout_roguey [special_room_orc], chequers_jeans,
          reono_crystal_passage, minmay_misc_feat_alley
D:10:     layout_loops_ring, chei_slow_surprise, enter_bailey_5, serial_shops,
          shop, uniq_maurice
D:11:     layout_long_grid, hellmonk_lair_entry_icy, gammafunk_ghost_arena
Temple:   eino_temple_lava

Skill      XL: |  1  2  3  4  5  6  7  8  9 10 11 12 |
---------------+-------------------------------------+-----
Dodging        | 3 4 5 6 7 9 10 12 | 12.8
Fighting       | 2 3 4 6 7 9 10 | 10.7
Unarmed Combat | 4 5 6 8 9 10 11 | 11.1
Shapeshifting  | 5 6 7 8 9 10 11 | 11.3
Evocations     | 4 5 |  5.1

Action                     |  1- 3 |  4- 6 |  7- 9 | 10-12 || total
---------------------------+-------+-------+-------+-------++-------
  Melee: Unarmed           |    50 |       |       |   379 ||   429
         Punch             |     1 |       |       |    28 ||    29
         Great mace        |    15 |   113 |   280 |    73 ||   481
         Tailslap          |       |     1 |     4 |       ||     5
 Invoke: Berserk           |       |       |       |     1 ||     1
  Evoke: Wand              |       |       |       |     6 ||     6
    Use: Scroll            |     2 |       |    11 |     5 ||    18
         Potion            |       |     1 |     1 |       ||     2
   Stab: Sleeping          |     2 |     3 |     6 |     1 ||    12
         Paralysed         |       |     1 |       |       ||     1
         Petrifying        |       |       |       |     1 ||     1
 Armour: Animal skin       |     6 |    12 |     3 |       ||    21
         Skin              |       |    10 |    12 |       ||    22
         Robe              |       |       |    23 |    41 ||    64
  Dodge: Dodged            |    40 |    81 |   308 |   386 ||   815
  Block: Other             |       |    31 |    77 |       ||   108
   Form: Blade             |       |       |       |     1 ||     1

Table legend: (Time is in decaauts)
 A = Elapsed time spent in this place.
 B = Non-inter-level travel time spent in this place.
 C = Inter-level travel time spent in this place.
 D = Time resting spent in this place.
 E = Time spent auto-exploring this place.
 F = Levels seen in this place.
 G = Mean time per level.
                   A        B        C        D        E       F      G
               +--------+--------+--------+--------+--------+-----+--------+
         Total |  10693 |   9839 |    854 |    243 |   6898 |  14 |  763.8 |
       Dungeon |  10205 |   9358 |    847 |    243 |   6695 |  11 |  927.7 |
        Temple |     16 |      9 |      7 |      0 |      0 |   1 |   16.0 |
         Sewer |    313 |    313 |      0 |      0 |    122 |   1 |  313.0 |
       Ossuary |    158 |    158 |      0 |      0 |     80 |   1 |  158.0 |
               +--------+--------+--------+--------+--------+-----+--------+

Top non-repeatable levels by time:
     D:3: 1569 daAuts
     D:2: 1058 daAuts
     D:8: 980 daAuts
     D:5: 973 daAuts
    D:10: 920 daAuts
     D:9: 881 daAuts
    D:11: 872 daAuts
     D:6: 780 daAuts
     D:1: 772 daAuts
     D:7: 749 daAuts
     D:4: 647 daAuts
   Sewer: 313 daAuts
 Ossuary: 158 daAuts
  Temple: 16 daAuts
